[Event "Live Chess"]
[Site "Chess.com"]
[Date "2010.12.06"]
[Round "-"]
[White "hipposcottimus"]
[Black "YubanYankinov"]
[Result "0-1"]
[CurrentPosition "6k1/5p1p/P3p1p1/4b3/5n2/N7/P4K2/R3R3 w - -"]
[Timezone "UTC"]
[ECO "B20"]
[ECOUrl "https://www.chess.com/openings/Sicilian-Defense"]
[UTCDate "2010.12.06"]
[UTCTime "00:02:13"]
[WhiteElo "1530"]
[BlackElo "1287"]
[TimeControl "60"]
[Termination "YubanYankinov won on time"]
[StartTime "00:02:13"]
[EndDate "2010.12.06"]
[EndTime "00:04:17"]
[Link "https://www.chess.com/game/live/74433879"]

1. e4 c5 2. Bb5 a6 3. Be2 b5 4. Nf3 d6 5. d4 cxd4 6. Nxd4 Nf6 7. f3 Bd7 8. O-O Nc6 9. c3 g6 10. Nxc6 Bxc6 11. Bg5 Bg7 12. f4 O-O 13. e5 dxe5 14. fxe5 Ne4 15. Qb3 Nxg5 16. Bf3 Bd5 17. Bxd5 e6 18. Bxa8 Qxa8 19. Na3 Bxe5 20. c4 Qb8 21. cxb5 Bxh2+ 22. Kh1 Be5 23. bxa6 Ne4 24. Qxb8 Ng3+ 25. Kg1 Rxb8 26. Kh2 Rxb2 27. Kh3 Ne2 28. Rfe1 Nf4+ 29. Kg4 Rxg2+ 30. Kf3 Rg3+ 31. Kxg3 Ne2+ 32. Kf2 Nf4 0-1

[Event "Live Chess"]
[Site "Chess.com"]
[Date "2010.12.06"]
[Round "-"]
[White "unga123"]
[Black "hipposcottimus"]
[Result "0-1"]
[CurrentPosition "r2q1rk1/pp2b1pp/2np4/4p3/8/2P2N2/PPb1BPPP/R1BR2K1 w - -"]
[Timezone "UTC"]
[ECO "C45"]
[ECOUrl "https://www.chess.com/openings/Scotch-Game"]
[UTCDate "2010.12.06"]
[UTCTime "00:00:52"]
[WhiteElo "1560"]
[BlackElo "1542"]
[TimeControl "60"]
[Termination "hipposcottimus won by resignation"]
[StartTime "00:00:52"]
[EndDate "2010.12.06"]
[EndTime "00:01:33"]
[Link "https://www.chess.com/game/live/74433606"]

1. e4 e5 2. Nf3 Nc6 3. d4 Nf6 4. d5 Ne7 5. Nc3 d6 6. Be2 c6 7. dxc6 Nxc6 8. O-O Be7 9. Nd5 O-O 10. Nxf6+ Bxf6 11. c3 Be7 12. Qc2 f5 13. exf5 Bxf5 14. Rd1 Bxc2 0-1

[Event "Live Chess"]
[Site "Chess.com"]
[Date "2010.12.05"]
[Round "-"]
[White "hipposcottimus"]
[Black "unga123"]
[Result "0-1"]
[CurrentPosition "2k5/p2nQ1p1/6p1/1pP1Pp2/3P1P2/7r/P2B1R2/R5Kq w - -"]
[Timezone "UTC"]
[ECO "B12"]
[ECOUrl "https://www.chess.com/openings/Caro-Kann-Defense-Advance-Variation-3...Bf5"]
[UTCDate "2010.12.05"]
[UTCTime "23:58:49"]
[WhiteElo "1533"]
[BlackElo "1569"]
[TimeControl "60"]
[Termination "unga123 won by checkmate"]
[StartTime "23:58:49"]
[EndDate "2010.12.06"]
[EndTime "00:00:39"]
[Link "https://www.chess.com/game/live/74433130"]

1. e4 c6 2. d4 d5 3. e5 Bf5 4. f4 e6 5. Nf3 Nd7 6. c4 Qa5+ 7. Bd2 Qb6 8. c5 Qxb2 9. Nc3 Qa3 10. Be2 b6 11. O-O b5 12. Qc2 Qa6 13. Qd1 Ne7 14. Nh4 Ng6 15. Nxf5 exf5 16. Bh5 Be7 17. Bxg6 hxg6 18. Qb3 O-O-O 19. Nxd5 cxd5 20. Qxd5 Qb7 21. Qxf7 Rh7 22. Qxe7 Rdh8 23. h3 Rxh3 24. gxh3 Rxh3 25. Rf2 Qh1# 0-1

[Event "Live Chess"]
[Site "Chess.com"]
[Date "2010.12.05"]
[Round "-"]
[White "unga123"]
[Black "hipposcottimus"]
[Result "1-0"]
[CurrentPosition "2r2rk1/6pQ/2p3B1/4P3/1b1pR3/1P6/1PPq1PPP/R5K1 b - -"]
[Timezone "UTC"]
[ECO "C45"]
[ECOUrl "https://www.chess.com/openings/Scotch-Game"]
[UTCDate "2010.12.05"]
[UTCTime "23:56:36"]
[WhiteElo "1562"]
[BlackElo "1540"]
[TimeControl "60"]
[Termination "unga123 won by checkmate"]
[StartTime "23:56:36"]
[EndDate "2010.12.05"]
[EndTime "23:58:26"]
[Link "https://www.chess.com/game/live/74432653"]

1. e4 e5 2. Nf3 Nc6 3. d4 d5 4. dxe5 d4 5. Bd3 Be6 6. O-O f6 7. exf6 Nxf6 8. Bg5 Be7 9. Bxf6 Bxf6 10. Re1 O-O 11. e5 Be7 12. Nbd2 Bg4 13. Nb3 a5 14. Be2 Bxf3 15. Bxf3 a4 16. Bxc6 axb3 17. Bxb7 Rb8 18. Be4 Rc8 19. axb3 c6 20. Qd3 Bb4 21. Bxh7+ Kh8 22. Re4 Qg5 23. Qh3 Qd2 24. Bg6+ Kg8 25. Qh7# 1-0

[Event "Live Chess"]
[Site "Chess.com"]
[Date "2010.12.05"]
[Round "-"]
[White "hipposcottimus"]
[Black "Strangelove13"]
[Result "1-0"]
[CurrentPosition "r1b1kQ2/pppp3p/2n5/6P1/3P1R2/2P5/PP4PP/RN4K1 b - -"]
[Timezone "UTC"]
[ECO "C40"]
[ECOUrl "https://www.chess.com/openings/Kings-Pawn-Opening-Kings-Knight-Busch-Gass-Gambit"]
[UTCDate "2010.12.05"]
[UTCTime "23:52:47"]
[WhiteElo "1548"]
[BlackElo "1330"]
[TimeControl "60"]
[Termination "hipposcottimus won by checkmate"]
[StartTime "23:52:47"]
[EndDate "2010.12.05"]
[EndTime "23:54:25"]
[Link "https://www.chess.com/game/live/74431798"]

1. e4 e5 2. Nf3 Bc5 3. Bc4 g5 4. Nxe5 Qf6 5. Bxf7+ Qxf7 6. Nxf7 Kxf7 7. d4 Bb4+ 8. c3 Be7 9. O-O Nf6 10. f4 Nxe4 11. fxg5+ Nf2 12. Rxf2+ Ke8 13. Qf3 Bd6 14. Qf7+ Kd8 15. Qf6+ Ke8 16. Qxh8+ Ke7 17. Qf6+ Ke8 18. Bf4 Bxf4 19. Rxf4 Nc6 20. Qf8# 1-0

[Event "Live Chess"]
[Site "Chess.com"]
[Date "2010.12.05"]
[Round "-"]
[White "Strangelove13"]
[Black "hipposcottimus"]
[Result "0-1"]
[CurrentPosition "2kr1b1r/ppp2ppp/8/4p3/3n4/3PB3/1Pq2P1P/2K5 w - -"]
[Timezone "UTC"]
[ECO "C47"]
[ECOUrl "https://www.chess.com/openings/Four-Knights-Game-Italian-Variation"]
[UTCDate "2010.12.05"]
[UTCTime "23:51:20"]
[WhiteElo "1330"]
[BlackElo "1548"]
[TimeControl "60"]
[Termination "hipposcottimus won by checkmate"]
[StartTime "23:51:20"]
[EndDate "2010.12.05"]
[EndTime "23:52:32"]
[Link "https://www.chess.com/game/live/74431498"]

1. e4 e5 2. Nf3 Nc6 3. Nc3 Nf6 4. Bc4 d5 5. d3 dxc4 6. Nd5 Nxd5 7. exd5 Qxd5 8. Be3 Bg4 9. Qd2 Bxf3 10. gxf3 Qxf3 11. Rg1 O-O-O 12. Rg3 Qh1+ 13. Rg1 Qxg1+ 14. Ke2 Qxa1 15. Qc3 Qxa2 16. Qxc4 Nd4+ 17. Kd2 Qxc4 18. Kc1 Qxc2# 0-1

[Event "Live Chess"]
[Site "Chess.com"]
[Date "2010.12.05"]
[Round "-"]
[White "hipposcottimus"]
[Black "Strangelove13"]
[Result "1-0"]
[CurrentPosition "1k5r/1p1r1pp1/1B1p2q1/3Pn3/8/2Q3Np/PPPN2PP/R4RK1 b - -"]
[Timezone "UTC"]
[ECO "C40"]
[ECOUrl "https://www.chess.com/openings/Kings-Pawn-Opening-Kings-Knight-Busch-Gass-Gambit-3.Nxe5"]
[UTCDate "2010.12.05"]
[UTCTime "23:49:08"]
[WhiteElo "1548"]
[BlackElo "1330"]
[TimeControl "60"]
[Termination "hipposcottimus won on time"]
[StartTime "23:49:08"]
[EndDate "2010.12.05"]
[EndTime "23:51:02"]
[Link "https://www.chess.com/game/live/74431006"]

1. e4 e5 2. Nf3 Bc5 3. Nxe5 Bxf2+ 4. Kxf2 Qf6+ 5. Nf3 Ne7 6. e5 Qe6 7. d4 h6 8. d5 Qg6 9. Bd3 Qh5 10. Rf1 d6 11. Kg1 Bg4 12. Be2 Nd7 13. Nd4 Bxe2 14. Nxe2 O-O-O 15. Ng3 Qg6 16. exd6 cxd6 17. Be3 Nf5 18. Nxf5 h5 19. Bxa7 Ne5 20. Bb6 Rd7 21. Qd4 h4 22. Qc3+ Kb8 23. Nd2 h3 24. Ng3 1-0

[Event "Live Chess"]
[Site "Chess.com"]
[Date "2010.12.05"]
[Round "-"]
[White "Strangelove13"]
[Black "hipposcottimus"]
[Result "0-1"]
[CurrentPosition "8/pp6/6pk/n7/4R3/4P3/6r1/r2K4 w - -"]
[Timezone "UTC"]
[ECO "C47"]
[ECOUrl "https://www.chess.com/openings/Four-Knights-Game-Italian-Variation"]
[UTCDate "2010.12.05"]
[UTCTime "23:46:56"]
[WhiteElo "1330"]
[BlackElo "1548"]
[TimeControl "60"]
[Termination "hipposcottimus won by checkmate"]
[StartTime "23:46:56"]
[EndDate "2010.12.05"]
[EndTime "23:48:44"]
[Link "https://www.chess.com/game/live/74430559"]

1. e4 e5 2. Nf3 Nc6 3. Nc3 Nf6 4. Bc4 Bb4 5. Ng5 O-O 6. h4 Bxc3 7. dxc3 d5 8. exd5 Na5 9. Bd3 e4 10. Be2 c6 11. c4 cxd5 12. cxd5 Nxd5 13. Be3 Nxe3 14. fxe3 f6 15. Qxd8 Rxd8 16. Kf2 fxg5 17. hxg5 Rf8+ 18. Ke1 Rf5 19. Rh5 g6 20. Rxh7 Kxh7 21. Bg4 Rxg5 22. Bxc8 Rxc8 23. Ke2 Rxc2+ 24. Kd1 Rgxg2 25. Rc1 Rxb2 26. Rc7+ Kh6 27. Re7 Rxa2 28. Rxe4 Ra1# 0-1

[Event "Live Chess"]
[Site "Chess.com"]
[Date "2010.12.05"]
[Round "-"]
[White "hipposcottimus"]
[Black "Strangelove13"]
[Result "1-0"]
[CurrentPosition "8/2p3pk/6Qp/2B2P2/p5P1/1p6/PPP4P/6K1 b - -"]
[Timezone "UTC"]
[ECO "C55"]
[ECOUrl "https://www.chess.com/openings/Italian-Game-Anti-Fried-Liver-Defense"]
[UTCDate "2010.12.05"]
[UTCTime "23:44:50"]
[WhiteElo "1548"]
[BlackElo "1330"]
[TimeControl "60"]
[Termination "hipposcottimus won on time"]
[StartTime "23:44:50"]
[EndDate "2010.12.05"]
[EndTime "23:46:39"]
[Link "https://www.chess.com/game/live/74430042"]

1. e4 e5 2. Nf3 Nc6 3. Bc4 h6 4. d4 exd4 5. Nxd4 Nxd4 6. Qxd4 Nf6 7. Nc3 d6 8. O-O a6 9. Qe3 b5 10. Bb3 b4 11. Nd5 Nxd5 12. Bxd5 Qe7 13. f4 Be6 14. Bxa8 Qf6 15. Qa7 Be7 16. Qb8+ Bd8 17. Bc6+ Bd7 18. Bxd7+ Kxd7 19. e5 Qe6 20. exd6 Qxd6 21. Be3 Re8 22. Rfd1 Qxd1+ 23. Rxd1+ Ke7 24. Bc5+ Kf6 25. Rxd8 Rxd8 26. Qxd8+ Kg6 27. g4 Kh7 28. Qe7 a5 29. Qxf7 a4 30. f5 b3 31. Qg6+ 1-0

[Event "Live Chess"]
[Site "Chess.com"]
[Date "2010.12.05"]
[Round "-"]
[White "PaulJansen"]
[Black "hipposcottimus"]
[Result "1-0"]
[CurrentPosition "2r2rk1/p2q1ppp/n2P4/1B1QP3/8/2N2P2/PP3PPP/R1B1K2R w KQ -"]
[Timezone "UTC"]
[ECO "A40"]
[ECOUrl "https://www.chess.com/openings/Englund-Gambit-Declined-Reversed-Alekhine-Variation"]
[UTCDate "2010.12.05"]
[UTCTime "23:43:32"]
[WhiteElo "1750"]
[BlackElo "1548"]
[TimeControl "60"]
[Termination "PaulJansen won by resignation"]
[StartTime "23:43:32"]
[EndDate "2010.12.05"]
[EndTime "23:44:24"]
[Link "https://www.chess.com/game/live/74429773"]

1. Nf3 e5 2. d4 d6 3. dxe5 d5 4. c4 Bg4 5. cxd5 Bxf3 6. exf3 Bb4+ 7. Nc3 Ne7 8. Qa4+ c6 9. d6 b5 10. Qxb4 Nd5 11. Qc5 Na6 12. Qxc6+ Qd7 13. Qxd5 Rc8 14. Bxb5 O-O 1-0

[Event "Live Chess"]
[Site "Chess.com"]
[Date "2010.12.05"]
[Round "-"]
[White "terrapin"]
[Black "hipposcottimus"]
[Result "1-0"]
[CurrentPosition "1r1qr1k1/p4ppp/2P1bn2/1p1P4/2P5/2P1B3/P3BPPP/R2Q1RK1 w - -"]
[Timezone "UTC"]
[ECO "C20"]
[ECOUrl "https://www.chess.com/openings/Kings-Pawn-Opening-Leonardis-Variation"]
[UTCDate "2010.12.05"]
[UTCTime "19:03:16"]
[WhiteElo "1729"]
[BlackElo "1548"]
[TimeControl "60"]
[Termination "terrapin won by resignation"]
[StartTime "19:03:16"]
[EndDate "2010.12.05"]
[EndTime "19:04:26"]
[Link "https://www.chess.com/game/live/74358318"]

1. e4 e5 2. d3 Nc6 3. c4 Nf6 4. Nc3 Bb4 5. Be3 d5 6. exd5 Nd4 7. Ne2 O-O 8. Nxd4 exd4 9. Bxd4 c5 10. Be3 Bf5 11. Be2 Re8 12. O-O Bxc3 13. bxc3 Bd7 14. d4 b5 15. dxc5 Rb8 16. c6 Be6 1-0

[Event "Live Chess"]
[Site "Chess.com"]
[Date "2010.12.05"]
[Round "-"]
[White "hipposcottimus"]
[Black "shibuna"]
[Result "1-0"]
[CurrentPosition "6rk/pp4r1/4Q2p/2p2B2/3p4/6P1/P4P1P/R5K1 b - -"]
[Timezone "UTC"]
[ECO "C40"]
[ECOUrl "https://www.chess.com/openings/Kings-Pawn-Opening-Kings-Knight-Busch-Gass-Gambit"]
[UTCDate "2010.12.05"]
[UTCTime "07:15:47"]
[WhiteElo "1392"]
[BlackElo "1534"]
[TimeControl "600"]
[Termination "hipposcottimus won by resignation"]
[StartTime "07:15:47"]
[EndDate "2010.12.05"]
[EndTime "07:18:52"]
[Link "https://www.chess.com/game/live/74201965"]

1. e4 e5 2. Nf3 Bc5 3. b4 Bxb4 4. c3 Bc5 5. d4 exd4 6. cxd4 Bb4+ 7. Bd2 Bxd2+ 8. Qxd2 d6 9. Nc3 Nf6 10. Bb5+ c6 11. Bd3 O-O 12. O-O Nbd7 13. e5 dxe5 14. Ng5 exd4 15. Nce4 c5 16. Qe2 h6 17. Nxf6+ Nxf6 18. Ne4 Re8 19. Qf3 Qd5 20. Nxf6+ gxf6 21. Qxd5 Be6 22. Qe4 f5 23. Qh4 Kh7 24. Rfe1 Rg8 25. Rxe6 fxe6 26. Qe7+ Rg7 27. Qxe6 Rag8 28. Bxf5+ Kh8 29. g3 1-0

[Event "Live Chess"]
[Site "Chess.com"]
[Date "2010.12.05"]
[Round "-"]
[White "subterraneous"]
[Black "hipposcottimus"]
[Result "1/2-1/2"]
[CurrentPosition "r4r1k/p1pq2np/1p1p1p1N/3Pp1p1/4P1PQ/1PN4R/P1n2P1P/R5K1 w - -"]
[Timezone "UTC"]
[ECO "C66"]
[ECOUrl "https://www.chess.com/openings/Ruy-Lopez-Opening-Berlin-Improved-Steinitz-Defense-5.Re1-Bd7"]
[UTCDate "2010.12.05"]
[UTCTime "07:00:24"]
[WhiteElo "1530"]
[BlackElo "1581"]
[TimeControl "600+10"]
[Termination "Game drawn by repetition"]
[StartTime "07:00:24"]
[EndDate "2010.12.05"]
[EndTime "07:12:59"]
[Link "https://www.chess.com/game/live/74199254"]

1. e4 e5 2. Nf3 Nc6 3. Bb5 Nf6 4. O-O d6 5. Re1 Bd7 6. d4 Qe7 7. d5 Na5 8. Bxd7+ Qxd7 9. Nc3 b6 10. Bg5 Be7 11. Qd2 O-O 12. Nh4 Nc4 13. Qc1 Nh5 14. Bxe7 Qxe7 15. Nf5 Qd7 16. Qg5 g6 17. g4 Ng7 18. Nh6+ Kh8 19. b3 Na3 20. Re3 Nxc2 21. Rh3 f6 22. Qh4 g5 23. Nf7+ Kg8 24. Nh6+ Kh8 25. Nf7+ Kg8 26. Nh6+ Kh8 1/2-1/2

[Event "Live Chess"]
[Site "Chess.com"]
[Date "2010.12.05"]
[Round "-"]
[White "Swarabhaskara"]
[Black "hipposcottimus"]
[Result "1-0"]
[CurrentPosition "1r3rk1/pbp2p1p/1p3qp1/8/5BB1/3P3Q/PPP2R1K/RN6 b - -"]
[Timezone "UTC"]
[ECO "C30"]
[ECOUrl "https://www.chess.com/openings/Kings-Gambit-Declined-Queens-Knight-Defense-3.Nf3"]
[UTCDate "2010.12.05"]
[UTCTime "06:46:45"]
[WhiteElo "1649"]
[BlackElo "1548"]
[TimeControl "60"]
[Termination "Swarabhaskara won on time"]
[StartTime "06:46:45"]
[EndDate "2010.12.05"]
[EndTime "06:48:36"]
[Link "https://www.chess.com/game/live/74196641"]

1. e4 e5 2. f4 Nc6 3. Nf3 d5 4. exd5 Qxd5 5. d3 Nf6 6. fxe5 Nxe5 7. Be2 Bd6 8. O-O O-O 9. Nxe5 Bxe5 10. Bf3 Qd6 11. g3 Nh5 12. Bxh5 Bxg3 13. Qf3 Bxh2+ 14. Kh1 b6 15. Bf4 Qf6 16. Kxh2 g6 17. Bg4 Bb7 18. Qh3 Rab8 19. Rf2 1-0

[Event "Live Chess"]
[Site "Chess.com"]
[Date "2010.12.05"]
[Round "-"]
[White "hipposcottimus"]
[Black "HewMatt"]
[Result "1-0"]
[CurrentPosition "8/8/8/8/5R2/5k2/1P5P/3RQ2K b - -"]
[Timezone "UTC"]
[ECO "B10"]
[ECOUrl "https://www.chess.com/openings/Caro-Kann-Defense-2.Nf3"]
[UTCDate "2010.12.05"]
[UTCTime "05:00:10"]
[WhiteElo "1555"]
[BlackElo "1463"]
[TimeControl "60"]
[Termination "hipposcottimus won on time"]
[StartTime "05:00:10"]
[EndDate "2010.12.05"]
[EndTime "05:02:18"]
[Link "https://www.chess.com/game/live/74176514"]

1. e4 c6 2. Nf3 a5 3. e5 d5 4. d4 e6 5. c4 b6 6. Nc3 dxc4 7. Bxc4 b5 8. Be2 b4 9. Na4 Bd7 10. Nc5 Bxc5 11. dxc5 Ne7 12. Bg5 h6 13. Bh4 g5 14. Nxg5 hxg5 15. Bxg5 Rg8 16. Bf6 Rxg2 17. Bf3 Rg8 18. Bg4 Na6 19. O-O Nxc5 20. Kh1 Ne4 21. Rg1 Nxf6 22. exf6 e5 23. fxe7 Qxe7 24. Bxd7+ Qxd7 25. Rxg8+ Ke7 26. Rxa8 Qxd1+ 27. Rxd1 Kf6 28. Rxa5 Kf5 29. Ra6 Kf4 30. Rxc6 e4 31. Rc7 Kf3 32. Rxf7+ Ke2 33. Rfd7 Kf3 34. R7d4 Kf4 35. Rxb4 Ke5 36. a4 Kf4 37. a5 Kf3 38. a6 Kxf2 39. a7 Kf3 40. a8=Q Ke3 41. Qxe4+ Kf2 42. Qe1+ Kf3 43. Rf4+ 1-0

[Event "Live Chess"]
[Site "Chess.com"]
[Date "2010.12.05"]
[Round "-"]
[White "Damavand"]
[Black "hipposcottimus"]
[Result "1-0"]
[CurrentPosition "2Q2rk1/3N2pp/8/3p2q1/3Pnp2/4PB2/5PPP/5RK1 w - -"]
[Timezone "UTC"]
[ECO "D10"]
[ECOUrl "https://www.chess.com/openings/Slav-Defense-Exchange-Variation-3...cxd5-4.Nf3"]
[UTCDate "2010.12.05"]
[UTCTime "04:57:00"]
[WhiteElo "1527"]
[BlackElo "1549"]
[TimeControl "60"]
[Termination "Damavand won by resignation"]
[StartTime "04:57:00"]
[EndDate "2010.12.05"]
[EndTime "04:58:52"]
[Link "https://www.chess.com/game/live/74175922"]

1. d4 d5 2. c4 c6 3. cxd5 cxd5 4. Nf3 Nd7 5. Nc3 Ngf6 6. Bg5 e6 7. Bxf6 Qxf6 8. e3 Bb4 9. Bb5 O-O 10. a3 Bxc3+ 11. bxc3 Nb6 12. Be2 a6 13. Qb3 Nd7 14. O-O b5 15. a4 Bb7 16. axb5 e5 17. bxa6 Bxa6 18. Rxa6 Rxa6 19. Bxa6 exd4 20. cxd4 Qg6 21. Bd3 Qh5 22. Qc2 Nf6 23. Be2 Qg5 24. Ne5 Ne4 25. Bf3 f6 26. Ng4 f5 27. Ne5 f4 28. Nd7 Rf7 29. Qc8+ Rf8 1-0

[Event "Live Chess"]
[Site "Chess.com"]
[Date "2010.12.05"]
[Round "-"]
[White "Jfish834"]
[Black "hipposcottimus"]
[Result "1-0"]
[CurrentPosition "1k5r/pp2R3/8/rNp2p1p/2P3p1/3P4/1P3PPP/4R1K1 b - -"]
[Timezone "UTC"]
[ECO "C55"]
[ECOUrl "https://www.chess.com/openings/Italian-Game-Two-Knights-Modern-Bishops-Opening-4...d5-5.exd5-Nxd5"]
[UTCDate "2010.12.05"]
[UTCTime "04:52:28"]
[WhiteElo "1660"]
[BlackElo "1549"]
[TimeControl "60"]
[Termination "Jfish834 won on time"]
[StartTime "04:52:28"]
[EndDate "2010.12.05"]
[EndTime "04:54:32"]
[Link "https://www.chess.com/game/live/74175030"]

1. e4 e5 2. Nf3 Nc6 3. Bc4 Nf6 4. d3 d5 5. exd5 Nxd5 6. Qe2 Nf4 7. Qxe5+ Ne6 8. Qe2 Bd7 9. O-O Bd6 10. Bg5 f6 11. Bxe6 Bxe6 12. Qxe6+ Be7 13. Bf4 Nd4 14. Nxd4 Qxd4 15. Re1 Qd7 16. Qb3 O-O-O 17. Nc3 Bd6 18. Bxd6 Qxd6 19. a4 g5 20. a5 f5 21. Nb5 Qa6 22. c4 c6 23. Nc3 Kb8 24. Qb4 c5 25. Qb5 Rd6 26. Qxa6 Rxa6 27. Nb5 h5 28. Rad1 g4 29. Re7 Rxa5 30. Rde1 1-0

[Event "Live Chess"]
[Site "Chess.com"]
[Date "2010.12.05"]
[Round "-"]
[White "hipposcottimus"]
[Black "vitosha"]
[Result "1-0"]
[CurrentPosition "8/1p4rk/6p1/1n1P3P/4Q3/7P/PP5K/8 b - -"]
[Timezone "UTC"]
[ECO "B07"]
[ECOUrl "https://www.chess.com/openings/Pirc-Defense-Modern-Defense-Geller-System"]
[UTCDate "2010.12.05"]
[UTCTime "04:49:59"]
[WhiteElo "1549"]
[BlackElo "1414"]
[TimeControl "60"]
[Termination "hipposcottimus won on time"]
[StartTime "04:49:59"]
[EndDate "2010.12.05"]
[EndTime "04:52:11"]
[Link "https://www.chess.com/game/live/74174526"]

1. e4 d6 2. Nf3 e6 3. d4 Be7 4. c4 Bd7 5. d5 a6 6. dxe6 Bxe6 7. Nc3 h6 8. Nd5 Nf6 9. Bd3 Nxd5 10. cxd5 Bd7 11. O-O Bg5 12. Re1 Bxc1 13. Rxc1 Qe7 14. e5 Bb5 15. exd6 cxd6 16. Rxe7+ Kxe7 17. Qe2+ Kf8 18. Bxb5 axb5 19. Qxb5 Kg8 20. Rc8+ Kh7 21. Qd3+ g6 22. Nh4 Rxc8 23. f4 Nd7 24. f5 Rg8 25. fxg6+ Rxg6 26. Nxg6 fxg6 27. Qg3 Rg8 28. Qxd6 Nf6 29. Qe6 Ng4 30. Qe7+ Rg7 31. Qe6 h5 32. h3 Nh6 33. Kh2 Nf5 34. g4 Nd4 35. Qe4 Nb5 36. gxh5 1-0

[Event "Live Chess"]
[Site "Chess.com"]
[Date "2010.12.05"]
[Round "-"]
[White "Bigcaptain"]
[Black "hipposcottimus"]
[Result "1-0"]
[CurrentPosition "rn3b1k/ppqb1Qpp/2p1p2r/3pN3/3P1P2/2NB4/PPP3PP/R4RK1 w - -"]
[Timezone "UTC"]
[ECO "B12"]
[ECOUrl "https://www.chess.com/openings/Caro-Kann-Defense-2.d4-d5"]
[UTCDate "2010.12.05"]
[UTCTime "04:20:27"]
[WhiteElo "1271"]
[BlackElo "1549"]
[TimeControl "60+1"]
[Termination "Bigcaptain won by resignation"]
[StartTime "04:20:27"]
[EndDate "2010.12.05"]
[EndTime "04:22:14"]
[Link "https://www.chess.com/game/live/74168879"]

1. d4 d5 2. e4 c6 3. Nc3 e6 4. e5 Bb4 5. Bd2 f6 6. Nf3 fxe5 7. Nxe5 Nf6 8. Bg5 O-O 9. Bd3 Bd6 10. O-O Qc7 11. Bxf6 Rxf6 12. Qh5 Rh6 13. Qe8+ Bf8 14. f4 Bd7 15. Qf7+ Kh8 1-0

[Event "Live Chess"]
[Site "Chess.com"]
[Date "2010.12.05"]
[Round "-"]
[White "hipposcottimus"]
[Black "drh1949"]
[Result "1-0"]
[CurrentPosition "b7/B7/1Pk5/8/6P1/8/5P1P/4R1K1 b - -"]
[Timezone "UTC"]
[ECO "B10"]
[ECOUrl "https://www.chess.com/openings/Caro-Kann-Defense-2.Nf3-d5"]
[UTCDate "2010.12.05"]
[UTCTime "04:02:51"]
[WhiteElo "1562"]
[BlackElo "1432"]
[TimeControl "60"]
[Termination "hipposcottimus won on time"]
[StartTime "04:02:51"]
[EndDate "2010.12.05"]
[EndTime "04:05:02"]
[Link "https://www.chess.com/game/live/74165674"]

1. e4 c6 2. Nf3 d5 3. e5 e6 4. d4 c5 5. c4 Bd6 6. cxd5 Bxe5 7. dxe5 Qxd5 8. Nc3 Qxd1+ 9. Nxd1 Nc6 10. Bb5 f6 11. Bxc6+ bxc6 12. exf6 Nxf6 13. O-O e5 14. Re1 e4 15. Nc3 Kf7 16. Nxe4 Nxe4 17. Rxe4 c4 18. Ng5+ Kg6 19. Rxc4 h6 20. Rxc6+ Kf5 21. Nf7 Bb7 22. Rc5+ Kf6 23. Nxh8 Rxh8 24. b3 Re8 25. Bb2+ Kf7 26. Rc7+ Re7 27. Rxe7+ Kxe7 28. Re1+ Kd6 29. Bxg7 Kc5 30. Bxh6 Kb4 31. Be3 Ka3 32. Bxa7 Kxa2 33. b4 Kb3 34. b5 Kb4 35. b6 Kb5 36. Re7 Kc6 37. g4 Ba8 38. Re1 1-0

[Event "Live Chess"]
[Site "Chess.com"]
[Date "2010.12.05"]
[Round "-"]
[White "hipposcottimus"]
[Black "sanjay007"]
[Result "1-0"]
[CurrentPosition "3rkQ2/2pb4/ppp5/8/4P3/2N5/PPP3PP/R4RK1 b - -"]
[Timezone "UTC"]
[ECO "C40"]
[ECOUrl "https://www.chess.com/openings/Kings-Pawn-Opening-Kings-Knight-Damiano-Defense"]
[UTCDate "2010.12.05"]
[UTCTime "03:59:27"]
[WhiteElo "1557"]
[BlackElo "863"]
[TimeControl "60"]
[Termination "hipposcottimus won by checkmate"]
[StartTime "03:59:27"]
[EndDate "2010.12.05"]
[EndTime "04:01:06"]
[Link "https://www.chess.com/game/live/74165060"]

1. e4 e5 2. Nf3 f6 3. Bc4 Qe7 4. d4 Nc6 5. dxe5 fxe5 6. Bb5 a6 7. Bxc6 dxc6 8. Nc3 Nf6 9. Bg5 h6 10. Bh4 g5 11. Nxg5 hxg5 12. Bxg5 Rg8 13. Qd2 Qe6 14. O-O Rxg5 15. Qxg5 Bd7 16. f4 Rd8 17. fxe5 b6 18. exf6 Be7 19. fxe7 Qxe7 20. Qg8+ Qf8 21. Qxf8# 1-0

[Event "Live Chess"]
[Site "Chess.com"]
[Date "2010.12.05"]
[Round "-"]
[White "darkiknighti"]
[Black "hipposcottimus"]
[Result "0-1"]
[CurrentPosition "7k/pp4pp/2n5/8/3pN3/1P4P1/P1P4P/5q1K w - -"]
[Timezone "UTC"]
[ECO "D00"]
[ECOUrl "https://www.chess.com/openings/Queens-Pawn-Opening-1...d5-2.e3-Nf6"]
[UTCDate "2010.12.05"]
[UTCTime "03:54:53"]
[WhiteElo "1203"]
[BlackElo "1557"]
[TimeControl "120"]
[Termination "hipposcottimus won by checkmate"]
[StartTime "03:54:53"]
[EndDate "2010.12.05"]
[EndTime "03:58:13"]
[Link "https://www.chess.com/game/live/74164192"]

1. d4 d5 2. e3 Nf6 3. g3 c5 4. Bg2 e5 5. dxe5 Ne4 6. Nf3 Bg4 7. Nbd2 Be7 8. b3 f6 9. exf6 Bxf6 10. Rb1 O-O 11. Bb2 Nc6 12. Bxf6 Qxf6 13. O-O Bxf3 14. Nxf3 Nc3 15. Qd3 Nxb1 16. Rxb1 d4 17. exd4 cxd4 18. Rd1 Rad8 19. Nd2 Qxf2+ 20. Kh1 Rde8 21. Rf1 Re1 22. Qc4+ Kh8 23. Ne4 Rxf1+ 24. Bxf1 Qf3+ 25. Bg2 Qd1+ 26. Qf1 Rxf1+ 27. Bxf1 Qxf1# 0-1